APL (24 & UNDER)
KENOSHA KINGFISH @ STATE COLLEGE SPIKES
04/08/2028
 
TOP OF THE 1ST
Kenosha Kingfish batting - Pitching for State College Spikes : RHP Luis García
Pitching: RHP Luis García
Batting: LHB Marvin Nichols 0-0: Ball
1-0: Ball
2-0: Ball
3-0: Called Strike
3-1: Base on Balls
Batting: RHB Alejandro Ramírez 0-0: Ball
Marvin Nichols is caught stealing 2nd base
1-0: Ball
2-0: Fly out, F8 (Flyball, 89M)
Batting: LHB Jon Quinn 0-0: Ball
1-0: Fly out, F9 (Flyball, 9S)
Top of the 1st over - 0 run(s), 0 hit(s), 0 error(s), 0 left on base; Kenosha 0 - State College 0
BOTTOM OF THE 1ST
State College Spikes batting - Pitching for Kenosha Kingfish : RHP Paul Lorenzo
Pitching: RHP Paul Lorenzo
Batting: LHB Jorge Luna 0-0: Called Strike
0-1: Swinging Strike
0-2: Ball
1-2: Foul Ball, location: 2F
1-2: Ball
2-2: Ball
3-2: Ground out 4-3 (Groundball, 34)
Batting: RHB Luis Ortega 0-0: Ball
1-0: Called Strike
1-1: Ball
2-1: Swinging Strike
2-2: Ball
3-2: Strikes out looking
Batting: RHB Luis Montoya 0-0: Ball
1-0: Foul Ball, location: 2F
1-1: Fly out, F4 (Line Drive, 4M)
Bottom of the 1st over - 0 run(s), 0 hit(s), 0 error(s), 0 left on base; Kenosha 0 - State College 0
TOP OF THE 2ND
Kenosha Kingfish batting - Pitching for State College Spikes : RHP Luis García
Batting: RHB Tommy Davenport 0-0: Foul Ball, location: 2F
0-1: Ground out 5-3 (Groundball, 56S)
Batting: LHB Ernesto Meléndez 0-0: Ball
1-0: Called Strike
1-1: Foul Ball, location: 2F
1-2: SOLO HOME RUN (Line Drive, 89XD), Distance : 415 ft
Batting: RHB Eugene Williams 0-0: Ball
1-0: SOLO HOME RUN (Line Drive, 7LD), Distance : 338 ft
Batting: RHB Armando Arellano 0-0: Ball
1-0: Foul Ball, location: 2F
1-1: Ball
2-1: Foul Ball, location: 2F
2-2: Foul Ball, location: 2F
2-2: Ball
3-2: SINGLE (Groundball, 56D)
Batting: RHB Ron Campbell 0-0: Ball
1-0: Called Strike
1-1: Ball
2-1: Ball
3-1: Called Strike
3-2: Grounds into double play, 6-4-3 (Groundball, 56)
Top of the 2nd over - 2 run(s), 3 hit(s), 0 error(s), 0 left on base; Kenosha 2 - State College 0
BOTTOM OF THE 2ND
State College Spikes batting - Pitching for Kenosha Kingfish : RHP Paul Lorenzo
Batting: RHB Martín López 0-0: Ground out 4-3 (Groundball, 4)
Batting: RHB Joe Salas 0-0: Fly out, F5 (Line Drive, 56)
Batting: RHB Millard Walker 0-0: Called Strike
0-1: Ball
1-1: Ball
2-1: Fly out, F5 (Line Drive, 56)
Bottom of the 2nd over - 0 run(s), 0 hit(s), 0 error(s), 0 left on base; Kenosha 2 - State College 0
TOP OF THE 3RD
Kenosha Kingfish batting - Pitching for State College Spikes : RHP Luis García
Batting: RHB David Barker 0-0: Ball
1-0: Swinging Strike
1-1: Foul Ball, location: 2F
1-2: Foul Ball, location: 2F
1-2: SINGLE (Line Drive, 6MD)
Batting: LHB Marvin Nichols 0-0: Ball
1-0: Foul Ball, location: 2F
1-1: Called Strike
1-2: Fielders Choice at 2nd, 4-6 (Groundball, 34)
Batting: RHB Alejandro Ramírez 0-0: Called Strike
0-1: SINGLE (Groundball, 6D)
Marvin Nichols to second
Batting: LHB Jon Quinn 0-0: Foul Ball, location: 2F
0-1: Swinging Strike
0-2: Strikes out swinging
Batting: RHB Tommy Davenport 0-0: Called Strike
0-1: Foul Ball, location: 2F
0-2: Foul Ball, location: 2F
0-2: Ball
1-2: Ball
2-2: SINGLE (Flyball, 89S)
Marvin Nichols to third
Alejandro Ramírez to second
Runner from 3rd tries for Home, SAFE, no throw
Batting: LHB Ernesto Meléndez 0-0: Called Strike
0-1: Foul Ball, location: 2F
0-2: Strikes out looking
Top of the 3rd over - 1 run(s), 3 hit(s), 0 error(s), 2 left on base; Kenosha 3 - State College 0
BOTTOM OF THE 3RD
State College Spikes batting - Pitching for Kenosha Kingfish : RHP Paul Lorenzo
Batting: RHB Luis Árias 0-0: SINGLE (Groundball, 56D)
Batting: RHB Diego Benítez 0-0: Ball
1-0: Ball
2-0: Swinging Strike
2-1: Foul Ball, location: 2F
2-2: Strikes out looking
Batting: RHB Daniel Martínez 0-0: Ball
1-0: Grounds into double play, 5-4-3 (Groundball, 56)
Bottom of the 3rd over - 0 run(s), 1 hit(s), 0 error(s), 0 left on base; Kenosha 3 - State College 0
TOP OF THE 4TH
Kenosha Kingfish batting - Pitching for State College Spikes : RHP Luis García
Batting: RHB Eugene Williams 0-0: Ball
1-0: Ball
2-0: Called Strike
2-1: Ball
3-1: Base on Balls
Batting: RHB Armando Arellano 0-0: Ball
1-0: Called Strike
1-1: Called Strike
1-2: Foul Ball, location: 2F
1-2: Ball
2-2: Fly out, F5 (Popup, 56D)
Batting: RHB Ron Campbell 0-0: Called Strike
0-1: Called Strike
0-2: Ball
1-2: Ground out 5-3 (Groundball, 56S)
Eugene Williams to second
Batting: RHB David Barker 0-0: Ground out 6-3 (Groundball, 6)
Top of the 4th over - 0 run(s), 0 hit(s), 0 error(s), 1 left on base; Kenosha 3 - State College 0
BOTTOM OF THE 4TH
State College Spikes batting - Pitching for Kenosha Kingfish : RHP Paul Lorenzo
Batting: LHB Jorge Luna 0-0: SINGLE (Groundball, 6MD)
Batting: RHB Luis Ortega 0-0: Called Strike
0-1: Ball
1-1: Swinging Strike
1-2: Strikes out swinging
Batting: RHB Luis Montoya 0-0: Called Strike
0-1: Foul Ball, location: 2F
0-2: Ball
1-2: Fly out, F8 (Flyball, 8LM)
Batting: RHB Martín López 0-0: Ball
1-0: Swinging Strike
1-1: Ball
2-1: Called Strike
2-2: 2-RUN HOME RUN (Flyball, 7D), Distance : 401 ft
Batting: RHB Joe Salas 0-0: Ball
1-0: Foul Ball, location: 2F
1-1: Called Strike
1-2: Ball
2-2: Foul Ball, location: 2F
2-2: Foul Ball, location: 2F
2-2: Ball
3-2: Base on Balls
Batting: RHB Millard Walker 0-0: Ball
1-0: Ball
2-0: Ball
3-0: Called Strike
3-1: Base on Balls
Joe Salas to second
Batting: RHB Luis Árias 0-0: Called Strike
0-1: Ball
1-1: Fly out, F6 (Line Drive, 6)
Bottom of the 4th over - 2 run(s), 2 hit(s), 0 error(s), 2 left on base; Kenosha 3 - State College 2
TOP OF THE 5TH
Kenosha Kingfish batting - Pitching for State College Spikes : RHP Luis García
Batting: LHB Marvin Nichols 0-0: Swinging Strike
0-1: Ball
1-1: Ball
2-1: Ball
3-1: Base on Balls
Batting: RHB Alejandro Ramírez 0-0: Ball
1-0: Ball
2-0: Called Strike
2-1: Foul Ball, location: 2F
2-2: Ground out 6-3 (Groundball, 6M)
Marvin Nichols to second
Batting: LHB Jon Quinn 0-0: Ball
1-0: Foul Ball, location: 2F
1-1: Ball
2-1: Called Strike
2-2: Ground out 4-3 (Groundball, 34)
Marvin Nichols to third
Pitching: RHP Ricardo Gutiérrez
Batting: RHB Tommy Davenport 0-0: Called Strike
0-1: Foul Ball, location: 2F
0-2: Ball
1-2: Fly out, F9 (Flyball, 9S)
Top of the 5th over - 0 run(s), 0 hit(s), 0 error(s), 1 left on base; Kenosha 3 - State College 2
BOTTOM OF THE 5TH
State College Spikes batting - Pitching for Kenosha Kingfish : RHP Paul Lorenzo
Batting: RHB Diego Benítez 0-0: Ball
1-0: Foul Ball, location: 2F
1-1: Foul Ball, location: 2F
1-2: Foul Ball, location: 2F
1-2: SINGLE (Groundball, 5D)
Batting: RHB Daniel Martínez 0-0: Called Strike
0-1: Ball
1-1: Ball
2-1: Ball
3-1: Fly out, F5 (Popup, 56)
Batting: LHB Jorge Luna 0-0: Swinging Strike
0-1: Foul Ball, location: 2F
0-2: Ball
1-2: Ball
2-2: Strikes out swinging
Batting: RHB Luis Ortega 0-0: Ball
1-0: Foul Ball, location: 2F
1-1: SINGLE (Groundball, 56D)
Diego Benítez to second
Batting: RHB Luis Montoya 0-0: Called Strike
0-1: SINGLE (Line Drive, 8LS)
Diego Benítez to third
Luis Ortega to second
Runner from 3rd tries for Home, SAFE, no throw
Batting: RHB Martín López 0-0: Foul Ball, location: 2F
0-1: Foul Ball, location: 2F
0-2: Ground out 6-3 (Groundball, 6S)
Bottom of the 5th over - 1 run(s), 3 hit(s), 0 error(s), 2 left on base; Kenosha 3 - State College 3
TOP OF THE 6TH
Kenosha Kingfish batting - Pitching for State College Spikes : RHP Ricardo Gutiérrez
Batting: LHB Ernesto Meléndez 0-0: Ground out 4-3 (Groundball, 4)
Batting: RHB Eugene Williams 0-0: Foul Ball, location: 2F
0-1: Foul Ball, location: 2F
0-2: Foul Ball, location: 2F
0-2: Foul Ball, location: 2F
0-2: Foul Ball, location: 2F
0-2: Ball
1-2: Ball
2-2: Strikes out looking
Batting: RHB Armando Arellano 0-0: Foul Ball, location: 2F
0-1: Ground out 1-3 (Groundball, 13)
Top of the 6th over - 0 run(s), 0 hit(s), 0 error(s), 0 left on base; Kenosha 3 - State College 3
BOTTOM OF THE 6TH
State College Spikes batting - Pitching for Kenosha Kingfish : RHP Paul Lorenzo
Pitching: RHP Jim Snyder
Batting: RHB Joe Salas 0-0: Called Strike
0-1: Ball
1-1: Foul Ball, location: 2F
1-2: Fly out, F8 (Flyball, 8LXD)
Batting: RHB Millard Walker 0-0: Ground out 4-3 (Groundball, 4S)
Batting: RHB Luis Árias 0-0: Swinging Strike
0-1: Fly out, F8 (Flyball, 89M)
Bottom of the 6th over - 0 run(s), 0 hit(s), 0 error(s), 0 left on base; Kenosha 3 - State College 3
TOP OF THE 7TH
Kenosha Kingfish batting - Pitching for State College Spikes : RHP Ricardo Gutiérrez
Pinch Hitting: LHB Henry Durham 0-0: Called Strike
0-1: Called Strike
0-2: Strikes out swinging
Pinch Hitting: RHB Esteban Ayala 0-0: Ball
1-0: Ball
2-0: Ball
3-0: Called Strike
3-1: Base on Balls
Pinch Hitting: RHB Rubén Hernández 0-0: Called Strike
0-1: Ball
1-1: Ball
2-1: Swinging Strike
2-2: Fly out, F9 (Flyball, 9S)
Batting: RHB Alejandro Ramírez 0-0: Ball
1-0: Ball
Passed Ball!
Esteban Ayala to second
2-0: SINGLE (Flyball, 8LS)
Esteban Ayala to third
Runner from 3rd tries for Home, SAFE, throw made home
Alejandro Ramírez to second
Batting: LHB Jon Quinn 0-0: Called Strike
0-1: Called Strike
0-2: Fly out, F6 (Line Drive, 6M)
Top of the 7th over - 1 run(s), 1 hit(s), 0 error(s), 1 left on base; Kenosha 4 - State College 3
BOTTOM OF THE 7TH
State College Spikes batting - Pitching for Kenosha Kingfish : RHP Jim Snyder
Now at 2B: Esteban Ayala
Now at SS: Doug Lutz
Now in RF: Henry Durham
Batting: RHB Diego Benítez 0-0: Called Strike
0-1: Ball
1-1: SINGLE (Line Drive, 89S)
Batting: RHB Daniel Martínez 0-0: Foul Ball, location: 2F
0-1: Ball
1-1: Sac Bunt - play at first, batter OUT! 3-4
Diego Benítez to second
Batting: LHB Jorge Luna 0-0: Called Strike
0-1: Ball
1-1: Ground out 4-3 (Groundball, 4)
Diego Benítez to third
Pinch Hitting: LHB Robin Jamieson 0-0: Ball
1-0: Called Strike
1-1: Ball
2-1: 2-RUN HOME RUN (Flyball, 8RXD), Distance : 435 ft
Pitching: LHP José Carlos
Batting: RHB Luis Montoya 0-0: Called Strike
0-1: Ground out 5-3 (Groundball, 56)
Bottom of the 7th over - 2 run(s), 2 hit(s), 0 error(s), 0 left on base; Kenosha 4 - State College 5
TOP OF THE 8TH
Kenosha Kingfish batting - Pitching for State College Spikes : RHP Ricardo Gutiérrez
Pitching: RHP Billy Davis
Now at 2B: Robin Jamieson
Now at SS: Vaughan Shelton
Batting: RHB Tommy Davenport 0-0: Ball
1-0: Ball
2-0: Swinging Strike
2-1: Ball
3-1: Fly out, F7 (Flyball, 7S)
Pitching: RHP Bob Howe
Batting: LHB Ernesto Meléndez 0-0: Ball
1-0: Ball
2-0: Ball
3-0: Base on Balls
Batting: RHB Eugene Williams 0-0: Ball
1-0: Called Strike
1-1: Foul Ball, location: 2F
1-2: Strikes out swinging
Pinch Hitting: RHB Andrés Bustamante 0-0: Ball
1-0: Fly out, F9 (Flyball, 9D)
Top of the 8th over - 0 run(s), 0 hit(s), 0 error(s), 1 left on base; Kenosha 4 - State College 5
BOTTOM OF THE 8TH
State College Spikes batting - Pitching for Kenosha Kingfish : LHP José Carlos
Now at 3B: Millard Ferguson
Batting: RHB Martín López 0-0: Ball
1-0: Ball
2-0: Foul Ball, location: 2F
2-1: Ball
3-1: Called Strike
3-2: Single, Error in OF, E8, batter to second base
Batting: RHB Joe Salas 0-0: Intentional Walk
Pinch Hitting: RHB Scott Lee 0-0: Ball
1-0: Swinging Strike
1-1: Ball
2-1: Foul Ball, location: 2F
2-2: Strikes out swinging
Batting: RHB Luis Árias 0-0: Ball
1-0: Foul Ball, location: 2F
1-1: Ball
2-1: Ball
3-1: Swinging Strike
3-2: Base on Balls
Martín López to third
Joe Salas to second
Batting: RHB Diego Benítez 0-0: Foul Ball, location: 2F
0-1: Ball
1-1: Swinging Strike
1-2: Ball
2-2: Ball
3-2: Foul Ball, location: 2F
3-2: Base on Balls
Martín López scores
Joe Salas to third
Luis Árias to second
Batting: RHB Daniel Martínez 0-0: Ball
1-0: Swinging Strike
1-1: Swinging Strike
1-2: Strikes out swinging
Pinch Hitting: RHB Ira Ross 0-0: Foul Ball, location: 2F
0-1: Ball
1-1: Fielders Choice at 2nd, 6-4 (Groundball, 6)
Bottom of the 8th over - 1 run(s), 1 hit(s), 1 error(s), 2 left on base; Kenosha 4 - State College 6
TOP OF THE 9TH
Kenosha Kingfish batting - Pitching for State College Spikes : RHP Bob Howe
Now at 3B: Ira Ross
Now in LF: Cory Hester
Now in RF: Dave Boom
Batting: LHB Henry Durham 0-0: Foul Ball, location: 2F
0-1: Called Strike
0-2: Ball
1-2: Ball
2-2: Ball
3-2: Strikes out swinging
Batting: RHB Esteban Ayala 0-0: Called Strike
0-1: Ball
1-1: Ball
2-1: Ball
3-1: DOUBLE (Line Drive, 78D)
Batting: RHB Doug Lutz 0-0: Called Strike
0-1: SINGLE (Groundball, 4MD)
Esteban Ayala to third
Runner from 3rd tries for Home, SAFE, no throw
Batting: RHB Alejandro Ramírez 0-0: Called Strike
0-1: Called Strike
0-2: Strikes out swinging
Batting: LHB Jon Quinn 0-0: Ball
1-0: Ball
2-0: Foul Ball, location: 2F
2-1: Ball
3-1: Base on Balls
Doug Lutz to second
Batting: RHB Tommy Davenport 0-0: Ball
1-0: Swinging Strike
1-1: Ball
2-1: Fielders Choice at 2nd, U4 (Groundball, 4M)
Top of the 9th over - 1 run(s), 2 hit(s), 0 error(s), 2 left on base; Kenosha 5 - State College 6
Tuesday, August 8th, 2017 - OOTP Baseball 17.12 Build 75